 Dungeon Crawl Stone Soup version 0.25.1-9-gc5326a611f (webtiles) character file.

Game seed: 7429977136687317439

95 RETERIOR the Grave Robber (level 4, -9/31 HPs)
             Began as a Vampire Necromancer on Jan 2, 2021.
             Mangled by feorh's ghost (13 damage)
             ... on level 3 of the Dungeon.
             The game lasted 00:07:58 (2190 turns).

RETERIOR the Grave Robber (Vampire Necromancer)     Turns: 2190, Time: 00:07:58

Health: -9/31      AC:  2    Str:  7    XL:     4   Next: 39%
Magic:  8/8        EV: 13    Int: 18    God:
Gold:   89         SH:  0    Dex: 14    Spells: 2/8 levels left

rFire    . . .     SeeInvis +   m - +0 quarterstaff
rCold    . . .     Gourm    .   (shield currently unavailable)
rNeg     . . .     Faith    .   a - +0 robe
rPois    .         Spirit   .   (no helmet)
rElec    .         Reflect  .   (no cloak)
rCorr    .         Harm     .   (no gloves)
MR       .....                  (no boots)
Stlth    ++........             (no amulet)
HPRegen  0.30/turn              (no ring)
MPRegen  0.11/turn              (no ring)

@: regenerating quickly
A: no food, fangs 3, see invisible, unbreathing
a: Exsanguinate


You were on level 3 of the Dungeon.
You were alive.

You visited 1 branch of the dungeon, and saw 3 of its levels.

You collected 89 gold pieces.

Inventory:

Hand Weapons
 f - a cursed -1 dagger
 j - a +0 club
 m - a +0 quarterstaff (weapon)
 p - a +1 dagger of speed
Armour
 a - a +0 robe (worn)
 r - a +0 robe
 s - a +0 helmet
Jewellery
 l - an uncursed ring of protection from fire {unknown}
Scrolls
 g - 2 scrolls of amnesia
 h - 2 scrolls of identify
 k - a scroll of fog {unknown}
 o - a scroll of enchant weapon {unknown}
 q - a scroll of remove curse {unknown}
Potions
 b - a potion of flight {unknown}
 c - 2 potions of cancellation {unknown}
 d - 2 potions of lignification {unknown}
 e - a potion of brilliance {unknown}
 i - 2 potions of heal wounds {unknown}
 n - a potion of resistance {unknown}


   Skills:
 + Level 0.6 Fighting
 + Level 0.2 Staves
 + Level 2.3 Dodging
 + Level 3.4 Stealth
 + Level 0.4 Unarmed Combat
 + Level 2.8 Spellcasting
 + Level 5.5 Necromancy


You had 2 spell levels left.
You knew the following spells:

 Your Spells              Type           Power        Failure   Level  Hunger
a - Pain                  Necr           ###.         1%          1    N/A
b - Animate Skeleton      Necr           N/A          1%          1    N/A
c - Animate Dead          Necr           N/A          17%         4    N/A

Your spell library contained the following spells:

 Spells                   Type           Power        Failure   Level  Hunger
 Vampiric Draining        Necr           ###.......   5%          3    N/A
 Agony                    Necr           ###.....     43%         5    N/A

Dungeon Overview and Level Annotations

Branches:
Dungeon (3/15)

Altars:
Qazlal

Annotations:
D:3 feorh's ghost, amateur OgBe


Innate Abilities, Weirdness & Mutations

You do not eat.
Your natural rate of healing is unusually fast.
You have razor-sharp teeth.
You have supernaturally acute eyesight. (SInv)
You can survive without breathing.


Message History

You barely miss feorh's ghost.
Feorh's ghost is lightly damaged.
Feorh's ghost misses you.
You hit feorh's ghost.
Feorh's ghost is lightly damaged.
Feorh's ghost hits you! x2
* * * LOW HITPOINT WARNING * * *
Feorh's ghost closely misses you.
As you read the scroll labeled JACWUU RERAXIP, it crumbles to dust.
It is a scroll of amnesia.
Okay, then.
Feorh's ghost closely misses you. Feorh's ghost closely misses you.
Feorh's ghost hits you.
* * * LOW HITPOINT WARNING * * *
As you read the scroll labeled ECVIMI DOIKKE, it crumbles to dust.
It is a scroll of identify.
Okay, then.
Feorh's ghost hits you!
You die...

#. ......
#.#.....
##.#....
#.......
#......
#....# #####
#....# #P8P#
#..@.#
#.?.###.W..#
##'##.....)#
#.....######
##...##
#####


You could see feorh's ghost.

Vanquished Creatures
  3 adders
  4 worms (D:2)
  3 dart slugs
  2 leopard geckos (D:1)
  2 bats
  2 giant cockroaches (D:2)
  6 goblins
  9 hobgoblins
  7 kobolds
  2 quokkas
  A ball python (D:2)
  2 frilled lizards
  2 rats (D:2)
45 creatures vanquished.

Vanquished Creatures (collateral kills)
  3 goblins (D:2)
  A kobold (D:2)
4 creatures vanquished.

Grand Total: 49 creatures vanquished

Notes
Turn   | Place    | Note
-------+----------+-------------------------------------------
     0 | D:1      | RETERIOR the Vampire Necromancer began the quest for the
                  | Orb.
     0 | D:1      | Reached XP level 1. HP: 13/13 MP: 3/3
   321 | D:1      | Reached XP level 2. HP: 11/19 MP: 0/5
   402 | D:1      | Learned a level 1 spell: Animate Skeleton
  1081 | D:2      | Reached XP level 3. HP: 24/24 MP: 4/6
  1087 | D:2      | Reached skill level 5 in Necromancy
  1368 | D:2      | Reached XP level 4. HP: 21/30 MP: 0/8
  1446 | D:1      | Learned a level 4 spell: Animate Dead
  1670 | D:2      | Found a stormy altar of Qazlal.
  2166 | D:3      | Found a runed translucent door.
  2166 | D:3      | Noticed feorh's ghost (amateur OgBe)
  2190 | D:3      | Mangled by feorh's ghost

Illustrated notes

Levels and vault maps discovered:
D:1:      dpeg_chamrin_arrival_tetris, layout_basic, minmay_distorted
D:2:      layout_rooms, nicolae_qazlal_general_emergency,
          minmay_strange_pillars, minmay_misc_feat_secret_circle,
          minmay_fractal_squares_5
D:3:      layout_basic, gammafunk_ghost_grave, chequers_serial_rivers_micro_a

Skill      XL: |  1  2  3 |
---------------+----------+-----
Necromancy     | 5 |  5.5
Fighting       | |  0.6
Staves         | |  0.2
Dodging        | |  2.3
Stealth        | |  3.4
Unarmed Combat | |  0.4
Spellcasting   | |  2.8

Action                   |  1- 3 |  4- 6 || total
-------------------------+-------+-------++-------
Melee: Unarmed           |    13 |       ||    13
       Bite              |     2 |     1 ||     3
       Club              |     7 |       ||     7
       Quarterstaff      |    16 |    29 ||    45
 Cast: Pain              |    61 |    18 ||    79
       Animate Dead      |       |     4 ||     4
  Use: Scroll            |       |     2 ||     2
Armor: Robe              |    13 |     3 ||    16
Dodge: Dodged            |    46 |    33 ||    79
